 Dungeon Crawl Stone Soup version 0.23-a0-295-g2e428d4 (webtiles) character file.

42 Amnesiac the Magician (level 3, -4/24 HPs)
             Began as a Mummy Wizard on Oct 4, 2018.
             Slain by an adder (5 damage)
             ... on level 2 of the Dungeon.
             The game lasted 00:02:57 (1006 turns).

Amnesiac the Magician (Mummy Wizard)                Turns: 1006, Time: 00:02:58

Health: -4/24      AC:  2    Str: 10    XL:     3   Next: 35%
Magic:  0/10       EV: 12    Int: 18    God:
Gold:   36         SH:  0    Dex: 10    Spells: 2/13 levels left

rFire    x . .     SeeInvis .   d - +0 short sword
rCold    + . .     Gourm    .   (no shield)
rNeg     + + +     Faith    .   a - +0 robe
rPois    ∞         Spirit   .   b - +0 hat
rElec    .         Reflect  .   (no cloak)
rCorr    .         Harm     .   (no gloves)
MR       .....                  (no boots)
Stlth    ++........             (no amulet)
HPRegen  0.08/turn              (no ring)
MPRegen  0.12/turn              (no ring)

@: very slightly contaminated
A: no food or potions, fire vulnerability, cold resistance 1, negative energy
resistance 3, torment resistance, unbreathing
a: no special abilities


You were on level 2 of the Dungeon.
You were not hungry.

You visited 1 branch of the dungeon, and saw 3 of its levels.

You collected 36 gold pieces.

Inventory:

Hand Weapons
 d - a +0 short sword (weapon)
Armour
 a - a +0 robe (worn)
 b - a +0 hat (worn)
Scrolls
 c - 3 scrolls of identify {!r}


   Skills:
 - Level 1.5 Dodging
 - Level 1.5 Stealth
 + Level 5.7 Spellcasting
 - Level 0.7 Conjurations
 - Level 0.7 Summonings
 - Level 0.7 Translocations


You had 2 spell levels left.
You knew the following spells:

 Your Spells              Type           Power        Failure   Level  Hunger
a - Magic Dart            Conj           #...         10%         1    N/A
b - Call Imp              Summ           #.......     14%         2    N/A
e - Mephitic Cloud        Conj/Pois/Air  #.......     34%         3    N/A
s - Conjure Flame         Conj/Fire      #.......     32%         3    N/A
v - Blink                 Tloc           N/A          14%         2    N/A

Your spell library contained the following spells:

 Spells                   Type           Power        Failure   Level  Hunger
 Slow                     Hex            #.......     19%         2    N/A

Dungeon Overview and Level Annotations

Branches:
Dungeon (3/15)

Altars:
Qazlal
Uskayaw


Innate Abilities, Weirdness & Mutations

You do not eat or drink.
Your flesh is vulnerable to fire.
You are immune to poison.
Your flesh is cold resistant. (rC+)
You are immune to negative energy. (rN+++)
You are immune to unholy pain and torment.
You can survive without breathing.


Message History

Aiming: Magic Dart (safe; 10% risk of failure)
Press: ? - help, Shift-Dir - straight line, f/p - adder
Aim: an adder (lightly wounded)
The magic dart hits the adder.
The adder is lightly wounded.
The adder bites you but does no damage. x2
Casting: Magic Dart (safe; 10% risk of failure)
Confirm with . or Enter, or press ? or * to list all spells.
Aiming: Magic Dart (safe; 10% risk of failure)
Press: ? - help, Shift-Dir - straight line, f/p - adder
Aim: an adder (lightly wounded)
The magic dart hits the adder.
The adder is moderately wounded.
The adder bites you but does no damage. The adder bites you but does no damage.
You see here a club.
The adder barely misses you. The adder bites you.
* * * LOW HITPOINT WARNING * * *
You see here a bat corpse.
Things that are here:
a dagger; a kobold corpse The adder closely misses you.
Casting: Magic Dart (safe; 10% risk of failure)
Confirm with . or Enter, or press ? or * to list all spells.
You don't have enough magic to cast that spell.
Casting: Magic Dart (safe; 10% risk of failure)
Confirm with . or Enter, or press ? or * to list all spells.
You miscast Call Imp.
Your head hurts.
The adder bites you.
* * * LOW HITPOINT WARNING * * *
The adder barely misses you. The adder bites you but does no damage.
The adder barely misses you.
Things that are here:
a club; an orc corpse The adder completely misses you.
You see here a club.
The adder closely misses you.
Things that are here:
a coppery potion {!q}; a dagger; a goblin corpse The adder completely misses you.
Casting: Call Imp (safe; 14% risk of failure)
Confirm with . or Enter, or press ? or * to list all spells.
A beastly little devil appears in a puff of flame.
The adder bites you.
* * * LOW HITPOINT WARNING * * *
A goblin comes into view. It is wielding an enchanted dagger.
The goblin shouts!
The adder barely misses you.
You hit the adder.
The adder is moderately wounded.
The adder bites you.
* * * LOW HITPOINT WARNING * * *
You can't drink.
Really read
e - a scroll labeled SELISH TITU {!r}?
As you read the scroll labeled SELISH TITU {!r}, it crumbles to dust.
You feel blessed for a moment.
It was a scroll of remove curse {!r}.
The adder closely misses you.
Really read
c - 4 scrolls labeled JOCYNU YJ AGI {!r}?
As you read the scroll labeled JOCYNU YJ AGI {!r}, it crumbles to dust.
It is a scroll of identify.
You don't have any unidentified items.
The adder barely misses you. The adder bites you.
You die...

#.#########.######
#)# #...)†.. #!#
###########. #.#
#>÷.....)... #.#
#.#####...#.
#.#####(#####.#.##
#5#.....(.(.....##
#S#.........#.#...
#@#.........#.#...
#.#.........#.####
#g#.........#..
#.#.........###
#...........#
#.......##### #..
.... #. #


You could see an adder, a goblin and a friendly crimson imp.

Vanquished Creatures
  An adder (D:3)
  An ooze (D:1)
  A worm (D:2)
  2 bats
  4 goblins
  2 hobgoblins (D:2)
  2 jackals
  3 kobolds
  A frilled lizard (D:1)
17 creatures vanquished.

Vanquished Creatures (collateral kills)
  A gnoll (D:2)
  An orc (D:2)
  A hobgoblin (D:2)
3 creatures vanquished.

Grand Total: 20 creatures vanquished

Notes
Turn   | Place    | Note
-------+----------+-------------------------------------------
     0 | D:1      | Amnesiac the Mummy Wizard began the quest for the Orb.
     0 | D:1      | Reached XP level 1. HP: 13/13 MP: 5/5
   215 | D:1      | Reached XP level 2. HP: 19/19 MP: 5/7
   221 | D:1      | Learned a level 2 spell: Blink
   224 | D:1      | Learned a level 2 spell: Call Imp
   485 | D:2      | Reached skill level 5 in Spellcasting
   669 | D:3      | Found a stormy altar of Qazlal.
   669 | D:3      | Found a hide-covered altar of Uskayaw.
   707 | D:3      | Reached XP level 3. HP: 18/24 MP: 5/9
   742 | D:2      | Learned a level 3 spell: Conjure Flame
   746 | D:2      | Learned a level 3 spell: Mephitic Cloud
  1004 | D:2      | HP: 1/24 [adder (4)]
  1006 | D:2      | Slain by an adder

Vault maps used:
D:1:      sevenhm_arrival_forest_fort_large_4, grunt_decor_cap,
          dk_noncrumbling_4
D:3:      ashenzari_altar_1, chequers_temple_overflow_statue_of_worship,
          uniq_natasha

Skill      XL: |  1  2 |
---------------+-------+-----
Spellcasting   | 5 |  5.7
Dodging        | |  1.5
Stealth        | |  1.5
Conjurations   | |  0.7
Summonings     | |  0.7
Translocations | |  0.7

Action                   || total
-------------------------++-------
Melee: Short sword       ||    16
       Unarmed           ||     1
 Cast: Magic Dart        ||    44
       Call Imp          ||     6
       Mephitic Cloud    ||     2
  Use: Scroll            ||     2
 Stab: Sleeping          ||     1
Armor: Robe              ||    17
Dodge: Dodged            ||    63

Table legend:
 A = Non-vault XP
 B = Vault XP
 C = Vault XP percentage of total XP
 D = Non-vault monster count
 E = Vault monster count
 F = Vault count percentage of total count
                 A         B        C        D         E       F
            +---------+---------+-------+---------+---------+-------
      Total |      61 |       0 |   0.0 |      20 |       0 |   0.0
            +---------+---------+-------+---------+---------+-------
        D:1 |      16 |       0 |   0.0 |       6 |       0 |   0.0
        D:2 |      29 |       0 |   0.0 |      11 |       0 |   0.0
        D:3 |      16 |       0 |   0.0 |       3 |       0 |   0.0
            +---------+---------+-------+---------+---------+-------
